 Dungeon Crawl Stone Soup version 0.26-a0-812-g31a745ddcd (webtiles) character file.

Game seed: 4331897438844387189

517455 neeSLEEPSinJEANS the Slayer (level 24, -8/225 HPs)
             Began as a Mummy Chaos Knight on Nov 22, 2020.
             Was a Favourite Plaything of Xom.
             Mangled by an Orb Guardian (20 damage)
             ... on level 5 of the Realm of Zot.
             The game lasted 02:08:36 (60065 turns).

neeSLEEPSinJEANS the Slayer (Mummy Chaos Knight)   Turns: 60065, Time: 02:08:36

Health: -8/225     AC: 38    Str: 26 (27) XL:     24   Next: 3%
Magic:  2/23       EV:  6    Int: 14 (15) God:    Xom [.*....]
Gold:   5024       SH: 31    Dex: 13 (16) Spells: 21/23 levels left

rFire    + + +     SeeInvis .   a - +9 demon blade (chaos)
rCold    + . .     Faith    .   H - +10 tower shield of Ignorance {rN+ Int-4}
rNeg     + + +     Spirit   .   l - +2 plate armour {rF+}
rPois    ∞         Reflect  .   N - +3 hat "Earthly Heaven" {Rampage rPois}
rElec    +         Harm     .   A - +2 cloak
rCorr    .         Rampage  +   d - +2 pair of gloves {Dex+3}
MR       +++..                  s - +2 pair of boots
Stlth    ..........             R - amulet of regeneration
HPRegen  0.87/turn              m - ring of the Ladybird {+Fly rElec rF+ Str+4 Int+6}
MPRegen  0.18/turn              f - ring of Contentment {rF++ AC+4 Slay+5 Stlth+, !?!}

@: slowed, studying Throwing, very slow
A: no potions, fire vulnerability, cold resistance 1, negative energy resistance
3, torment resistance, unbreathing, in touch with death 1
}: 3/15 runes: decaying, silver, abyssal
a: Renounce Religion, Evoke Flight


You were on level 5 of the Realm of Zot.
You worshipped Xom.
You were a plaything of Xom.
You visited 8 branches of the dungeon, and saw 43 of its levels.
You visited the Abyss 1 time.
You also visited: Gauntlet, Ice Cave, Volcano and Wizlab.

You collected 9261 gold pieces.
You spent 4237 gold pieces at shops.

Inventory:

Hand Weapons
 a - a +9 demon blade of chaos (weapon)
   (Xom gifted it to you on level 4 of the Lair of Beasts)
 q - the +9 staff of Wucad Mu {channel}
   (You found it in a wizard's laboratory)
 w - the +2 dagger of the Vaults {vorpal, rC+++ Dex-4 SInv}
   (You found it on level 5 of the Vaults)

   It inflicts extra damage upon your enemies.
   It affects your dexterity (-4).
   It renders you almost immune to cold.
   It lets you see invisible.
 B - a +2 vampiric dagger
   (You took it off a kobold demonologist on level 15 of the Dungeon)
 V - a +3 double sword
   (You took it off Frederick on level 5 of the Depths)
Missiles
 J - 13 javelins
 L - 17 curare-tipped darts
 M - 38 silver javelins (quivered)
 U - 6 throwing nets
Armour
 d - a +2 pair of gloves of dexterity (worn)
   (You bought it in a shop on level 4 of the Depths)
 l - a +2 plate armour of fire resistance (worn)
   (You took it off a goblin on level 2 of the Dungeon)
 s - a +2 pair of boots (worn)
   (You found it on level 4 of the Dungeon)
 u - a +2 helmet
   (You found it on level 3 of the Dungeon)
 A - a +2 cloak (worn)
   (You took it off Crazy Yiuf on level 2 of the Dungeon)
 H - the +10 tower shield of Ignorance (worn) {rN+ Int-4}
   (You found it on level 2 of the Orcish Mines)

   It affects your intelligence (-4).
   It protects you from negative energy.
 N - the +3 hat "Earthly Heaven" (worn) {Rampage rPois}
   (You acquired it on level 13 of the Dungeon)

   It protects you from poison.
   It bestows one free step when moving towards enemies.
Jewellery
 f - the ring of Contentment (right hand) {rF++ AC+4 Slay+5 Stlth+, !?!}
   (You found it on level 1 of the Depths)

   [ring of protection]

   It affects your AC (+4).
   It affects your accuracy and damage with ranged weapons and melee attacks
   (+5).
   It greatly protects you from fire.
   It makes you more stealthy.
 j - a +4 ring of slaying
   (You found it on level 1 of the Lair of Beasts)
 k - an uncursed ring of protection from cold
   (You found it on level 14 of the Dungeon)
 m - the ring of the Ladybird (left hand) {+Fly rElec rF+ Str+4 Int+6}
   (Xom gifted it to you on level 2 of the Swamp)

   [ring of intelligence]

   It affects your strength (+4).
   It affects your intelligence (+6).
   It protects you from fire.
   It insulates you from electricity.
   It lets you fly.
 n - the ring "Polax" {Ice +Blink MP-9 Dex+3}
   (You bought it in a shop on level 2 of the Orcish Mines)

   [ring of ice]

   It enhances your ice magic.
   It affects your dexterity (+3).
   It makes you vulnerable to fire.
   It protects you from cold.
   It affects your magic capacity (-9).
   It lets you blink.
 y - an uncursed ring of resist corrosion
   (You found it in an ice cave)
 R - an amulet of regeneration (around neck)
   (You took it off a big kobold on level 11 of the Dungeon)
 T - an uncursed ring of flight
   (You found it in an ice cave)
 Y - the ring "Lenaerr" {*Drain MR+ MP+9 Int+6 Dex+3}
   (You found it on level 7 of the Dungeon)

   [ring of intelligence]

   It affects your intelligence (+6).
   It affects your dexterity (+3).
   It affects your resistance to hostile enchantments.
   It affects your magic capacity (+9).
   It causes draining when unequipped.
Wands
 g - a wand of paralysis (10)
   (Xom gifted it to you on level 2 of the Vaults)
 i - a wand of iceblast (19)
   (You bought it in a shop on level 2 of the Orcish Mines)
 v - a wand of digging (9)
   (You found it on level 3 of the Lair of Beasts)
 D - a wand of polymorph (21)
   (You found it on level 11 of the Dungeon)
 P - a wand of disintegration (40)
   (You found it on level 2 of the Swamp)
 W - a wand of enslavement (10)
   (You found it on level 11 of the Dungeon)
Scrolls
 b - 5 scrolls of fear
 h - 9 scrolls of vulnerability
 p - 14 scrolls of fog
 r - 12 scrolls of identify
 t - 2 scrolls of teleportation
 x - 21 scrolls of remove curse
 z - 6 scrolls of blinking
 C - 9 scrolls of immolation
 G - a scroll of enchant armour
 K - 3 scrolls of torment
 Q - 4 scrolls of summoning
 S - 2 scrolls of silence
Books
 X - a manual of Throwing
   (You found it on level 7 of the Dungeon)
Miscellaneous
 c - a condenser vane
   (You found it in a Gauntlet)
 e - a tin of tremorstones (2/2)
   (You found it on level 15 of the Dungeon)
 E - a phantom mirror
   (You found it on level 1 of the Lair of Beasts)
 F - a lightning rod (4/4)
   (You found it on level 4 of the Vaults)
 I - a box of beasts
   (You bought it in a shop on level 2 of the Orcish Mines)


   Skills:
 * Level 26.8 Fighting
 - Level 14.0 Long Blades
 - Level 10.0 Throwing
 - Level 18.0 Armour
 - Level 0.7 Dodging
 - Level 15.0 Shields
 - Level 5.0 Evocations


You had 21 spell levels left.
You knew the following spells:

 Your Spells              Type           Power        Failure   Level
a - Apportation           Tloc           #.....       99%         1
d - Animate Skeleton      Necr           #.....       99%         1

Your spell library contained the following spells:

 Spells                   Type           Power        Failure   Level
 Corona                   Hex            #......      99%         1
 Magic Dart               Conj           #...         99%         1
 Sting                    Tmut/Pois      #...         99%         1
 Summon Small Mammal      Summ           #...         99%         1
 Call Imp                 Summ           #.......     100%        2
 Corpse Rot               Necr/Air       N/A          100%        2
 Ensorcelled Hibernation  Hex/Ice        #.....       100%        2
 Poisonous Vapours        Pois/Air       #.....       100%        2
 Searing Ray              Conj           #.....       100%        2
 Swiftness                Air            #.......     100%        2
 Confusing Touch          Hex            #.......     100%        3
 Dazzling Flash           Conj/Hex       #.....       100%        3
 Stone Arrow              Conj/Erth      #.....       100%        3
 Tukima's Dance           Hex            #.......     100%        3
 Cause Fear               Hex            #.........   100%        4
 Fulminant Prism          Conj/Hex       #.........   100%        4
 Iskenderun's Mystic Bla  Conj/Tloc      #.......     100%        4
 Olgreb's Toxic Radiance  Pois           #.......     100%        4
 Alistair's Intoxication  Tmut/Pois      #........    100%        5
 Silence                  Hex/Air        #.........   100%        5
 Summon Demon             Summ           #.........   100%        5
 Summon Forest            Summ/Tloc      #.........   100%        5
 Summon Mana Viper        Hex/Summ       #.......     100%        5
 Yara's Violent Unravell  Hex/Tmut       #.........   100%        5
 Eringya's Noxious Bog    Tmut/Pois      #.........   100%        6
 Shadow Creatures         Summ           N/A          100%        6
 Summon Hydra             Summ           #.........   100%        7
 Discord                  Hex            #.........   100%        8
 Hydra Form               Tmut           Unusable     N/A         6

Dungeon Overview and Level Annotations

Branches:
Dungeon (15/15)            Temple (0/1) D:4            Lair (6/6) D:10
  Swamp (4/4) Lair:4       Spider (0/4) Lair:2        Slime (0/5) Lair:6
    Orc (2/2) D:11            Elf (0/3) Orc:2        Vaults (5/5) D:14
  Crypt (1/3) Vaults:2     Depths (5/5) D:15            Zot (5/5) Depths:5
  IceCv (visited)         Volcano (visited)          WizLab (visited)
Gauntlet (visited)

Altars:
Ashenzari
Elyvilon
Fedhas
Gozag
Kikubaaqudgha
Makhleb
Nemelex Xobeh
Okawaru
Ru
Sif Muna
Uskayaw
Vehumet
Wu Jian
Xom
Yredelemnul
Beogh

Shops:
D:12 ?   D:14 [   D:15 ?   Orc:1 =   Orc:2 }**}   Depths:1 }   Depths:3 (
Depths:4 [[*

Portals:
Hell: Depths:1 Depths:2 Depths:3 Depths:4 Depths:5
Abyss: Depths:4
Pandemonium: Depths:2 Depths:3 Depths:4 Depths:5
Ziggurat: Depths:2

Annotations:
D:15 Roxanne
Lair:3 1 runed translucent door
Lair:4 exclusion: oklob plant
Orc:2 exclusion: orange crystal statue
Crypt:1 1 transporter, Koklixank's ghost, adept GrFi


Innate Abilities, Weirdness & Mutations

You do not drink.
Your flesh is vulnerable to fire.
You are immune to poison.
Your flesh is cold resistant. (rC+)
You are immune to negative energy. (rN+++)
You are immune to unholy pain and torment.
You can survive without breathing.
You are in touch with the powers of death.


Message History

The electric golem hits you but does no damage.
You block the electric golem's attack. The electric golem hits you!
* * * LOW HITPOINT WARNING * * *
The electric golem hits you but does no damage.
Your green draconian completely misses the electric golem.
Your green draconian tail-slaps the electric golem!
The Orb Guardian hits your black draconian!!
An Orb Guardian comes into view.
You block the electric golem's attack. The electric golem hits you.
* * * LOW HITPOINT WARNING * * *
The electric golem shocks you. You resist.
* * * LOW HITPOINT WARNING * * *
The electric golem completely misses you.
The electric golem closely misses you.
Your tentacled monstrosity tentacle-slaps the electric golem!
The electric golem is destroyed!
The Orb Guardian hits your black draconian!!
A storm dragon comes into view.
The Orb Guardian hits you!!
You die...

**,,,,,,,,,,,,,^,,,,,***
**,,,,,...^...........,,**
*,,,,,,.............^.,,,* ****
*,,,,,,...............,,,***,,,
**,,,,,...........$...,,,**,,,,
**,,,,......[^....k..,,,*,,,,,
**,,,......X...^.?..,,,,,,,,,
**,,,,.....:.qdd.....,,,*,,,,,
**,,,,,......d@qdq...D,,,**,,,,
*,,,,,,...!.qXdl.k....,,,***,^,
*,,,,,,......Xyl......,,,* ****
**,,,,,...$.^.........,,**
**,,,,...§X..........***
**,,,......(.^...▓▓▓*
**,,..X##▓▓▓▓▓▓▓▓****
**,,,?..,,,,,,,,,^^,^***
**,,,,..,,,,,,,,,,**,,,,**


You could see a storm dragon, 4 Orb Guardians, a friendly tentacled monstrosity
(summoned), a friendly black draconian (summoned, berserk), a friendly green
draconian (summoned, berserk), a friendly purple draconian (summoned, berserk),
a friendly red draconian (summoned), a friendly white draconian (summoned), 2
friendly draconians, a friendly red draconian stormcaller (summoned), a friendly
green draconian annihilator (summoned), a friendly lindwurm (summoned), a
friendly moth of wrath (summoned), 2 friendly komodo dragons and a friendly
swamp drake (summoned).

Vanquished Creatures
  An ancient lich (Vaults:5)
  A juggernaut (Depths:1)
  Bai Suzhen (Depths:2)
  2 curse toes
  Frederick (Depths:5)
  4 golden dragons
  5 tentacled monstrosities
  4 liches
  Asterion (Depths:3)
  5 titans
  7 Orb Guardians (Zot:5)
  5 quicksilver dragons
  5 sphinxes
  4 death cobs
  A tentacled starspawn (Abyss:3)
  2 draconian monks
  3 fenstrider witches
  3 storm dragons
  4 shadow dragons
  2 tengu reavers (Vaults:5)
  13 fire giants
  5 frost giants
  A draconian knight (Zot:3)
  4 iron dragons
  6 ghost moths
  2 draconian scorchers
  2 balrugs
  9 vault wardens
  An orc warlord (Orc:1)
  Aizul (Depths:3)
  16 ironheart preservers
  3 deep elf elementalists
  A reaper (Depths:2)
  3 draconian annihilators
  19 stone giants
  2 draconian shifters
  2 draconian stormcallers (Zot:3)
  A very ugly thing (shapeshifter) (Depths:4)
  26 very ugly things
  2 green draconians (Depths:5)
  An entropy weaver (Vaults:4)
  A vampire knight (Depths:5)
  3 deep elf demonologists
  3 black draconians
  4 deep elf annihilators
  3 spark wasps
  A white draconian (Zot:3)
  5 bunyips
  5 yellow draconians
  4 dire elephants (Depths:3)
  A minotaur (Gauntlet)
  5 purple draconians
  4 red draconians
  An orange crystal statue (WizLab)
  3 deep elf death magi
  4 eleionomae
  A crystal guardian (Vaults:2)
  Josephine (D:14)
  4 jiangshi
  A merfolk javelineer (Abyss:3)
  A shambling mangrove (Swamp:4)
  10 ettins
  10 fire dragons
  2 deep elf high priests
  12 yaktaur captains
  8 boulder beetles
  11 great orbs of eyes
  A boulder beetle (shapeshifter) (Vaults:4)
  7 rakshasas
  29 vault guards
  6 spriggan air magi
  Erolcha (Orc:1)
  A ghost crab (Swamp:4)
  18 hydras
  Harold (D:7)
  15 ice dragons
  9 centaur warriors
  36 two-headed ogres
  A death knight (Vaults:1)
  2 tengu warriors (D:15)
  9 alligators
  5 deep troll shamans
  17 ogre magi
  A dancing weapon (Vaults:5)
  9 deep troll earth magi
  A satyr (shapeshifter) (Vaults:5)
  3 vampire magi
  3 spriggan berserkers
  5 goliath frogs
  A thrashing horror (Abyss:3)
  An orc high priest (Orc:2)
  3 deep elf knights
  4 sun demons
  2 shadow wraiths
  2 wretched stars (Abyss:3)
  An entropy weaver zombie (Crypt:1)
  11 skeletal warriors
  2 salamander mystics
  A fire crab (Swamp:4)
  A spriggan druid (Swamp:2)
  41 deep trolls
  A hell knight (Depths:5)
  2 unseen horrors
  2 flayed ghosts
  A sea snake (Depths:2)
  A sea snake (shapeshifter) (Depths:5)
  A death drake (Lair:4)
  A starcursed mass (Abyss:3)
  A glowing orange brain (Abyss:3)
  10 swamp dragons
  4 deep elf archers
  A phantasmal warrior (Crypt:1)
  5 wizards
  2 lindwurms
  18 harpies
  3 bog bodies
  A spatial maelstrom (Abyss:3)
  17 orc knights
  11 deep elf magi
  An iron dragon zombie (Crypt:1)
  12 ironbrand convokers
  An orc sorcerer (Vaults:5)
  An orb spider (Orc:2)
  2 harpies (shapeshifter)
  A necromancer (Vaults:4)
  7 wolf spiders
  8 salamanders
  2 manticores
  A shining eye (Swamp:2)
  36 ugly things
  The ghost of p0werm0de the Skirmisher, a novice GrFi of Okawaru (D:7)
  6 moths of wrath
  A fire giant skeleton (Vaults:4)
  3 will-o-the-wisps
  8 black mambas
  2 worldbinders (Abyss:3)
  An apocalypse crab (Abyss:3)
  7 cyclopes
  4 guardian serpents
  19 vault sentinels
  A black mamba (shapeshifter) (Depths:5)
  A torpor snail (Vaults:4)
  An eye of devastation (Lair:6)
  16 elephants
  3 smoke demons (Abyss:3)
  A water nymph (Depths:5)
  3 centaur skeletons
  A molten gargoyle (Volcano)
  An orange demon (Depths:2)
  5 gargoyles
  4 centaur zombies
  7 komodo dragons
  6 rime drakes
  A rime drake (shapeshifter) (Vaults:1)
  2 kobold demonologists
  4 komodo dragons (shapeshifter)
  17 cane toads
  6 freezing wraiths
  Maggie (D:7)
  25 yaktaurs
  An efreet (D:13)
  4 ice devils
  5 ancient zymes
  A minotaur zombie (Gauntlet)
  3 hellwings
  A yaktaur (shapeshifter) (Lair:6)
  4 red devils (Depths:3)
  A tengu conjurer (D:15)
  A polar bear (shapeshifter) (Lair:3)
  A jumping spider (shapeshifter) (Vaults:2)
  A jumping spider (Vaults:4)
  A wind drake (Vaults:2)
  2 polar bears (Lair:4)
  8 hornets
  10 trolls
  13 tyrant leeches
  A raiju (shapeshifter) (Depths:3)
  26 blink frogs
  31 slime creatures
  15 dream sheep (Lair:4)
  3 raiju
  A meliai zombie (D:12)
  A shadow (D:11)
  19 wyverns
  8 wraiths
  2 tarantellas (shapeshifter)
  2 ynoxinuls (Abyss:3)
  6 spriggans
  2 water elementals (Depths:4)
  36 yaks
  A vampire (D:11)
  4 redbacks
  6 basilisks
  6 large abominations
  3 fire bats
  5 steam dragons
  Grum (D:7)
  2 neqoxecs
  A yaktaur simulacrum (Vaults:3)
  Menkaure (D:6)
  3 fire elementals (Depths:1)
  13 wargs
  A swamp worm (shapeshifter) (D:15)
  A naga (shapeshifter) (Depths:4)
  15 vampire mosquitoes
  7 acid dragons
  21 water moccasins
  3 soldier ants
  21 swamp worms
  A floating eye (shapeshifter) (D:14)
  6 hell hounds (Depths:3)
  3 human skeletons
  5 sky beasts
  60 orc warriors
  18 ice beasts
  3 black bears
  2 small abominations (Abyss:3)
  2 eyes of draining (D:12)
  11 swamp drakes
  40 ogres
  4 necrophages (D:10)
  5 boggarts (Vaults:1)
  32 wolves
  An eye of draining (shapeshifter) (Vaults:5)
  2 phantoms
  35 centaurs
  7 big kobolds
  18 bullfrogs
  4 gnoll sergeants
  A wyvern zombie (D:10)
  8 scorpions
  2 wyvern skeletons (D:14)
  A scorpion (shapeshifter) (Vaults:3)
  15 wights
  8 killer bees
  2 quasits (Abyss:3)
  4 lava snakes
  3 crimson imps
  3 bullfrog zombies
  2 bullfrog skeletons
  A soldier ant zombie (Crypt:1)
  4 hounds
  Crazy Yiuf (D:2)
  25 orc wizards
  13 orc priests
  A gnoll shaman (D:7)
  6 jellies
  An iron imp (Depths:4)
  7 iguanas
  A lightning spire (Gauntlet)
  14 worker ants
  A hound zombie (D:9)
  2 hound skeletons
  A mummy (D:10)
  A gnoll (shapeshifter) (Vaults:1)
  2 worker ant zombies
  28 gnolls
  13 adders
  3 shadow imps
  4 ufetubi
  An ooze (Vaults:1)
  3 adder skeletons
  3 worms
  A barachi zombie (Crypt:1)
  4 leopard geckos
  113 orcs
  6 bats
  4 giant cockroaches
  26 hobgoblins
  12 jackals
  40 kobolds
  10 quokkas
  A ball python (D:2)
  A ball python zombie (Crypt:1)
  4 frilled lizards
  17 goblins
  2 leopard gecko skeletons
  A quokka skeleton (D:4)
  8 rats
  2 crawling corpses (Vaults:4)
  A lurking horror (Abyss:3)
1873 creatures vanquished.

Vanquished Creatures (collateral kills)
  A golden dragon (Zot:5)
  An electric golem (Zot:5)
  An Orb Guardian (Zot:5)
  A tentacled monstrosity (Zot:5)
  A quicksilver dragon (Zot:3)
  A frost giant (Vaults:5)
  A very ugly thing (Depths:2)
  A green draconian (Zot:3)
  A dire elephant (Depths:3)
  3 two-headed ogres
  A dancing weapon (Vaults:1)
  A swamp dragon (Swamp:3)
  A lindwurm (Lair:6)
  An orc knight (Vaults:3)
  An orc sorcerer (Orc:2)
  2 elephants (Lair:4)
  A black mamba (Lair:6)
  A cane toad (Lair:6)
  A hornet (Lair:6)
  3 blink frogs
  3 wyverns (Lair:6)
  A swamp worm (Swamp:3)
  2 water moccasins
  An orc warrior (Orc:2)
  A phantom (D:9)
  A swamp drake (shapeshifter) (Vaults:3)
  An eye of draining (Lair:6)
  2 wolves
  2 ogres
  A boggart (Vaults:1)
  A centaur (Orc:2)
  Blork the orc (D:5)
  A big kobold (D:10)
  2 bullfrogs
  A wyvern zombie (D:9)
  Dowan (D:4)
  A human simulacrum (Vaults:3)
  2 jellies (D:10)
  An orc priest (Orc:2)
  4 gnolls (D:4)
  5 orcs
  3 kobolds (D:10)
63 creatures vanquished.

Vanquished Creatures (others)
  A death cob (Zot:5)
  A stone giant (Vaults:2)
  A starcursed mass (Abyss:3)
  A red draconian (Zot:3)
  6 dancing weapons
  A two-headed ogre (Vaults:1)
  A deep elf knight (Vaults:4)
  A goliath frog (Swamp:4)
  A wretched star (Abyss:3)
  2 swamp dragons (Swamp:4)
  A deep troll (Depths:2)
  3 yaktaurs (Depths:2)
  A tengu conjurer (Depths:2)
  2 bloated husks
  A steam dragon (Swamp:4)
  Duvessa (D:4)
  5 swamp drakes (Swamp:4)
  A sky beast (D:12)
  2 ogres
  2 boggarts (Vaults:1)
  An orc priest (Orc:1)
  A hound (D:12)
  An iguana (Lair:6)
  20 demonic plants (Gauntlet)
  A fire vortex (Swamp:4)
  2 foxfires (Swamp:3)
  41 fungi
  85 plants
  2 starspawn tentacles (Abyss:3)
189 creatures vanquished.

Grand Total: 2125 creatures vanquished

Notes
Turn   | Place    | Note
-------+----------+-------------------------------------------
     0 | D:1      | neeSLEEPSinJEANS the Mummy Chaos Knight began the quest for
                  | the Orb.
     0 | D:1      | Reached XP level 1. HP: 18/18 MP: 1/1
   183 | D:1      | Reached XP level 2. HP: 24/24 MP: 2/2
   420 | D:1      | XOM: silly message
   639 | D:1      | XOM: god gift: 33 gold pieces
   847 | D:1      | XOM: god gift: scroll labelled LAHUPA GUSIGENA {god gift}
   966 | D:2      | XOM: smoke on damage
  1058 | D:2      | Reached XP level 3. HP: 29/29 MP: 3/3
  1650 | D:2      | XOM: potion effect (might)
  1651 | D:2      | Reached XP level 4. HP: 37/37 MP: 4/4
  2097 | D:2      | Reached skill level 4 in Fighting
  2282 | D:2      | Found a runed translucent door.
  2283 | D:2      | Noticed Crazy Yiuf
  2387 | D:3      | Found an iron altar of Okawaru.
  2549 | D:3      | Noticed a glowing shapeshifter
  2549 | D:3      | a bat changed into a glowing shapeshifter
  2549 | D:3      | Noticed an eye of devastation
  2549 | D:3      | a glowing shapeshifter changed into an eye of devastation
  2554 | D:3      | Noticed a merfolk
  2555 | D:3      | Noticed a lindwurm
  2555 | D:3      | a merfolk changed into a lindwurm
  2581 | D:3      | Noticed a queen bee
  2585 | D:3      | Noticed a golden eye
  2585 | D:3      | a queen bee changed into a golden eye
  2625 | D:4      | Found a white marble altar of Elyvilon.
  2710 | D:4      | Reached XP level 5. HP: 40/42 MP: 5/5
  2764 | D:4      | XOM: stat loss: -1 Int (11/12)
  3587 | D:4      | XOM: fog
  3628 | D:4      | XOM: 1-stop teleportation journey
  3762 | D:4      | XOM: god gift: scroll of fog
  3765 | D:4      | XOM: 2-stop teleportation journey
  3784 | D:4      | Noticed a phantom
  3812 | D:4      | Found a blossoming altar of Fedhas.
  3814 | D:4      | Killed a phantom
  3814 | D:4      | Reached XP level 6. HP: 30/50 MP: 6/6
  3890 | D:4      | XOM: scenery: 1 doors close
  3990 | D:4      | XOM: potion effect (brilliance)
  4142 | D:4      | Noticed Duvessa
  4142 | D:4      | Noticed Dowan
  4155 | D:4      | Killed Duvessa
  4155 | D:4      | Reached skill level 5 in Fighting
  4158 | D:4      | Killed Dowan
  4214 | D:4      | Found a radiant altar of Vehumet.
  4216 | D:4      | Identified Vehumet's Incunabulum of Confrontation
  4219 | D:4      | Found an ancient bone altar of Kikubaaqudgha.
  4220 | D:4      | Found a shimmering blue altar of Sif Muna.
  4233 | D:4      | XOM: divination: detect creatures
  4271 | D:4      | Found a staircase to the Ecumenical Temple.
  4347 | D:4      | Found a sacrificial altar of Ru.
  4923 | D:5      | Entered Level 5 of the Dungeon
  4941 | D:5      | Reached XP level 7. HP: 55/56 MP: 7/7
  4973 | D:5      | XOM: 5-stop teleportation journey
  5088 | D:5      | XOM: enchant monster (good)
  5127 | D:5      | XOM: summons friendly crimson imp
  5275 | D:5      | Noticed Blork the orc
  5299 | D:5      | Killed Blork the orc
  5409 | D:5      | XOM: potion effect (heal wounds)
  5416 | D:5      | Reached skill level 6 in Fighting
  5416 | D:5      | Reached skill level 5 in Long Blades
  5421 | D:5      | XOM: silly message
  5476 | D:5      | Reached XP level 8. HP: 55/64 MP: 8/8
  5528 | D:5      | XOM: noise
  5568 | D:5      | Reached skill level 1 in Evocations
  5617 | D:5      | XOM: divination: detect creatures
  5642 | D:5      | Found a sparkling altar of Nemelex Xobeh.
  5976 | D:2      | Killed Crazy Yiuf
  6112 | D:6      | XOM: divination: detect items
  6140 | D:6      | Reached skill level 5 in Armour
  6413 | D:6      | XOM: god gift: coppery potion {god gift}
  6527 | D:6      | Found an ornate altar of the Wu Jian Council.
  6560 | D:6      | XOM: divination: magic mapping
  6679 | D:6      | Noticed Menkaure
  6686 | D:6      | Killed Menkaure
  6686 | D:6      | Reached skill level 7 in Fighting
  6795 | D:6      | XOM: noise
  7132 | D:6      | XOM: summons 1 hostile shadow creature
  7345 | D:7      | Reached XP level 9. HP: 25/72 MP: 9/9
  7599 | D:7      | Found a transporter.
  7604 | D:7      | Found a transporter.
  7609 | D:7      | Noticed p0werm0de's ghost (novice GrFi)
  7628 | D:7      | Noticed Grum
  7830 | D:7      | XOM: 1-stop teleportation journey
  7907 | D:7      | XOM: stat loss: -1 Int (11/12)
  7977 | D:7      | XOM: summons 5 hostile demons
  8196 | D:7      | Noticed Harold
  8205 | D:7      | XOM: summons 5 friendly demons
  8206 | D:7      | Killed Harold
  8206 | D:7      | Reached skill level 8 in Fighting
  8317 | D:7      | Killed an unseen horror
  8456 | D:7      | Noticed Maggie
  8479 | D:7      | Killed Maggie
  8621 | D:7      | Identified the +7 trident of Igodusau {elec, rC+}
  8697 | D:8      | Found a hide-covered altar of Uskayaw.
  8697 | D:8      | XOM: 1-stop teleportation journey
  8706 | D:8      | Reached XP level 10. HP: 57/82 MP: 10/10
  8713 | D:8      | Noticed a two-headed ogre
  9070 | D:8      | XOM: 1-stop teleportation journey
  9225 | D:8      | XOM: stat loss: -1 Dex (11/12)
  9288 | D:8      | XOM: swap monsters
  9766 | D:8      | XOM: summons 2 hostile shadow creatures
  9949 | D:8      | XOM: god gift: scroll of teleportation
  9981 | D:8      | Found a basalt altar of Yredelemnul.
 10027 | D:8      | Found a burning altar of Makhleb.
 10162 | D:8      | XOM: summons 10 friendly demons
 10166 | D:8      | Killed a two-headed ogre
 10166 | D:8      | Reached skill level 9 in Fighting
 10330 | D:9      | Learned a level 1 spell: Animate Skeleton
 10332 | D:9      | Learned a level 1 spell: Apportation
 10357 | D:9      | Noticed a gargoyle
 10366 | D:9      | XOM: butterfly on damage
 10376 | D:9      | XOM: fog
 10573 | D:9      | XOM: 1-stop teleportation journey
 10637 | D:9      | XOM: cast spell 'Metabolic Englaciation'
 10734 | D:9      | XOM: cloud trail
 11074 | D:9      | XOM: summons 5 friendly demons
 11113 | D:9      | Noticed a two-headed ogre
 11120 | D:9      | Killed a gargoyle
 11125 | D:9      | XOM: confuse monster(s)
 11308 | D:9      | XOM is BORED!
 11308 | D:9      | XOM: summons 4 hostile demons
 11309 | D:9      | Noticed a sixfirhy
 11364 | D:9      | XOM: silly message
 11372 | D:9      | Killed a two-headed ogre
 11513 | D:9      | Identified a scroll of acquirement
 11514 | D:9      | Acquired 1113 gold pieces
 11613 | D:9      | XOM: summons 4 hostile demons
 11753 | D:9      | XOM: scenery: summon butterflies
 11842 | D:10     | Entered Level 10 of the Dungeon
 11948 | D:10     | XOM: enchant monster (good)
 11995 | D:10     | Found a shimmering altar of Xom.
 12021 | D:10     | XOM: god gift: 47 gold pieces
 12025 | D:10     | XOM: summons 3 friendly demons
 12026 | D:10     | XOM: summons 2 friendly demons
 12034 | D:10     | XOM: enchant monster (good)
 12053 | D:10     | XOM: scenery: summon butterflies
 12071 | D:10     | Reached XP level 11. HP: 86/90 MP: 11/11
 12125 | D:10     | XOM: scenery: summon butterflies
 12143 | D:10     | Noticed a centaur warrior
 12159 | D:10     | XOM: confuse monster(s)
 12174 | D:10     | Killed a centaur warrior
 12174 | D:10     | Reached skill level 10 in Fighting
 12344 | D:10     | XOM: god gift: long jewelled staff {god gift}
 12371 | D:10     | XOM: enchant monster (good)
 12468 | D:10     | XOM: divination: detect items
 12634 | D:10     | Found a staircase to the Lair.
 12700 | D:10     | XOM: scenery: 1 doors close
 13276 | D:11     | XOM: summons 6 friendly demons
 13322 | D:11     | You fall into a shaft and drop 2 floors!
 13344 | D:13     | Reached skill level 5 in Evocations
 13359 | D:13     | XOM: divination: detect items
 13361 | D:13     | XOM: 3-stop teleportation journey
 13412 | D:13     | Found a gate leading to a gauntlet.
 13435 | Gauntlet | Entered a Gauntlet
 13435 | Gauntlet | Found a transporter.
 13435 | Gauntlet | Found a transporter.
 13436 | Gauntlet | Found a transporter.
 13436 | Gauntlet | Found a transporter.
 13439 | Gauntlet | Found a transporter.
 13439 | Gauntlet | Found a transporter.
 13443 | Gauntlet | Noticed a fire crab
 13451 | Gauntlet | Found a transporter.
 13451 | Gauntlet | Found a transporter.
 13455 | Gauntlet | Found a transporter.
 13456 | Gauntlet | Found a transporter.
 13457 | Gauntlet | Noticed a hell beast
 13466 | Gauntlet | Found a transporter.
 13479 | Gauntlet | Found a transporter.
 13562 | Gauntlet | XOM: god gift: scroll labelled HAYQIO ONGOHOPH {god gift}
 13764 | Gauntlet | XOM: cloud trail
 13856 | Gauntlet | XOM: confuse monster(s)
 13858 | Gauntlet | XOM: enchant monster (good)
 14069 | Gauntlet | XOM: god gift: scroll labelled DOR RA BOREADD {god gift}
 14416 | Gauntlet | Noticed a minotaur
 14725 | Gauntlet | Killed a minotaur
 14901 | D:13     | XOM: 1-stop teleportation journey
 14901 | D:13     | Noticed a fire dragon
 14908 | D:13     | Killed a fire dragon
 15041 | D:13     | XOM: god gift: 43 gold pieces
 15126 | D:13     | Noticed a boulder beetle
 15126 | D:13     | XOM: cast spell 'Shadow Creatures'
 15137 | D:13     | Killed a boulder beetle
 15137 | D:13     | Reached skill level 11 in Fighting
 15155 | D:12     | Noticed a deep elf mage
 15291 | D:13     | XOM: god gift: 5 javelins
 15351 | D:12     | Killed a deep elf mage
 15633 | D:11     | Noticed a two-headed ogre
 15651 | D:11     | XOM: enchant monster (good)
 15656 | D:11     | Killed a two-headed ogre
 15656 | D:11     | Reached XP level 12. HP: 77/100 MP: 12/12
 15771 | D:11     | XOM: scenery: summon butterflies
 15792 | D:11     | XOM: 8-stop teleportation journey
 15991 | D:11     | Found a broken altar of Ashenzari.
 15991 | D:11     | XOM: 2-stop teleportation journey
 16006 | D:11     | XOM: confuse monster(s)
 16029 | D:11     | XOM: 2-stop teleportation journey
 16325 | D:11     | XOM: god gift: scroll of enchant weapon
 16486 | D:11     | XOM: enchant monster (good)
 16537 | D:11     | Reached skill level 10 in Long Blades
 16620 | D:11     | Found a staircase to the Orcish Mines.
 17018 | D:7      | XOM: fog
 17032 | D:7      | XOM: cloud trail
 17156 | D:7      | Killed Grum
 17160 | D:7      | XOM: cast spell 'Monstrous Menagerie'
 17165 | D:7      | Killed p0werm0de's ghost
 17211 | D:7      | Got a warped bone ring
 17216 | D:7      | Identified the ring "Lenaerr" {*Drain MR+ MP+9 Int+6 Dex+3}
                  | (You found it on level 7 of the Dungeon)
 17398 | Lair:1   | Entered Level 1 of the Lair of Beasts
 17434 | Lair:1   | Found a dark tunnel.
 17441 | Volcano  | Entered a volcano
 17450 | Volcano  | XOM: confuse monster(s)
 17600 | Volcano  | Found a burning altar of Makhleb.
 17607 | Volcano  | XOM: summons friendly crimson imp
 17611 | Volcano  | Reached skill level 10 in Armour
 17614 | Volcano  | Reached skill level 12 in Fighting
 17649 | Volcano  | Noticed a red draconian
 17657 | Volcano  | Killed a red draconian
 17907 | Lair:1   | XOM: divination: detect items
 18042 | Lair:1   | XOM: scenery: create altars
 18056 | Lair:1   | XOM: fog
 18064 | Lair:1   | Reached skill level 1 in Shields
 18110 | Lair:1   | XOM: polymorph wolf -> giant cockroach
 18118 | Lair:1   | XOM: polymorph giant cockroach -> leopard gecko
 18133 | Lair:1   | XOM: enchant monster (good)
 18252 | Lair:1   | XOM: enchant monster (bad)
 18264 | Lair:1   | Gained mutation: You are in touch with the powers of death.
                  | [Mummy growth]
 18264 | Lair:1   | Reached XP level 13. HP: 87/109 MP: 13/13
 18447 | Lair:1   | XOM: 3-stop teleportation journey
 18592 | Lair:1   | XOM: silly message
 18640 | Lair:1   | XOM: destruction
 18642 | Lair:1   | XOM: summons friendly sun demon
 18781 | Lair:1   | Identified Acus's Papyrus of Contamination
 19010 | Lair:2   | Found a hole to the Spider Nest.
 19011 | Lair:2   | XOM: divination: detect items
 19031 | Lair:2   | Reached skill level 1 in Throwing
 19128 | Lair:2   | XOM: god gift: shimmering spear {god gift}
 19129 | Lair:2   | Got a shimmering spear {god gift}
 19146 | Lair:2   | XOM: god gift: blue potion {god gift}
 19266 | Lair:2   | XOM: scenery: summon butterflies
 19303 | Lair:2   | XOM: scenery: summon butterflies
 19527 | Lair:2   | Got a masterwork flail
 19528 | Lair:2   | Identified the +4 flail of the Absolute Madman {flame,
                  | Str+3} (You found it on level 2 of the Lair of Beasts)
 19549 | Lair:2   | Identified the +11 spear "Gaash" {chaos, +Inv Dex+3} (Xom
                  | gifted it to you on level 2 of the Lair of Beasts)
 19569 | Lair:2   | XOM: cloud trail
 19665 | Lair:3   | Found a frozen archway.
 19672 | Lair:3   | Noticed Urug
 19676 | Lair:3   | XOM: summons friendly iron imp
 20079 | Lair:3   | XOM: 1-stop teleportation journey
 20120 | Lair:3   | Found a runed translucent door.
 20213 | Lair:3   | Reached skill level 13 in Fighting
 20244 | Lair:3   | Urug changed into Urug the shapeshifter
 20244 | Lair:3   | XOM: polymorph Urug -> Urug the shapeshifter
 20272 | Lair:3   | XOM: silly message
 20291 | IceCv    | Entered an ice cave
 20355 | IceCv    | XOM: 1-stop teleportation journey
 20366 | IceCv    | XOM: divination: detect items
 20385 | IceCv    | XOM: 1-stop teleportation journey
 20616 | IceCv    | XOM: enchant monster (good)
 21113 | Lair:4   | XOM: cast spell 'Leda's Liquefaction'
 21127 | Lair:4   | XOM: enchant monster (good)
 21162 | Lair:4   | XOM: polymorph elephant -> death drake
 21170 | Lair:4   | XOM: fog
 21193 | Lair:4   | XOM: divination: detect creatures
 21250 | Lair:4   | XOM: 1-stop teleportation journey
 21271 | Lair:4   | XOM: blink monster(s)
 21367 | Lair:4   | XOM: noise
 21371 | Lair:4   | XOM: 1-stop teleportation journey
 21373 | Lair:4   | XOM: polymorph dream sheep -> raiju
 21379 | Lair:4   | XOM: 1-stop teleportation journey
 21384 | Lair:4   | XOM: potion effect (brilliance)
 21399 | Lair:4   | XOM: god gift: runed demon blade {god gift}
 21453 | Lair:4   | Reached skill level 5 in Throwing
 21549 | Lair:4   | XOM: polymorph blink frog -> jelly
 21550 | Lair:4   | Reached XP level 14. HP: 119/119 MP: 14/14
 21589 | Lair:4   | XOM: summons 3 friendly demons
 21595 | Lair:4   | XOM: blink monster(s)
 21606 | Lair:4   | XOM: summons 4 friendly demons
 21888 | Lair:4   | Reached skill level 14 in Fighting
 21895 | Lair:4   | XOM: stat loss: -1 Str (18/19)
 21967 | Lair:4   | XOM: blink monster(s)
 21978 | Lair:4   | XOM: blink monster(s)
 21979 | Lair:4   | XOM: polymorph wolf -> centaur
 21986 | Lair:4   | XOM: smoke on damage
 21993 | Lair:4   | XOM: cast spell 'Cause Fear'
 22146 | Lair:4   | XOM: silly message
 22278 | Lair:4   | XOM: god gift: wand of paralysis (9)
 22322 | Lair:4   | Found a staircase to the Swamp.
 22634 | Orc:1    | Entered Level 1 of the Orcish Mines
 22647 | Orc:1    | XOM: god gift: spear {god gift}
 22769 | Orc:1    | Found Mawen's Jewellery Shoppe.
 22776 | Orc:1    | XOM: divination: detect creatures
 22783 | Orc:1    | Found a roughly hewn altar of Beogh.
 23048 | Orc:1    | XOM: noise
 23052 | Orc:1    | XOM: stat loss: -1 Dex (14/15)
 23054 | Orc:1    | Noticed Erolcha
 23067 | Orc:1    | XOM: confusion (+ monsters)
 23073 | Orc:1    | Killed Erolcha
 23075 | Orc:1    | XOM: enchant monster (good)
 23139 | Orc:1    | XOM: silly message
 23387 | Orc:2    | Entered Level 2 of the Orcish Mines
 23496 | Orc:2    | Noticed Sonja
 23497 | Orc:2    | Noticed Sonja
 23497 | Orc:2    | Sonja changed into Sonja the orb spider
 23506 | Orc:2    | Killed Sonja the orb spider
 23545 | Orc:2    | Noticed an orc warlord
 23625 | Orc:1    | XOM: enchant monster (bad)
 23634 | Orc:1    | XOM: noise
 23636 | Orc:1    | XOM: summons friendly iron imp
 23638 | Orc:1    | Killed an orc warlord
 24001 | Orc:2    | Found a staircase to the Elven Halls.
 24011 | Orc:2    | XOM: fog
 24270 | Orc:2    | Found a runed translucent door.
 24279 | Orc:2    | Found the +10 tower shield of Ignorance {rN+ Int-4}
 24285 | Orc:2    | Found a runed translucent door.
 24285 | Orc:2    | XOM: 8-stop teleportation journey
 24311 | Orc:2    | XOM: enchant monster (good)
 24327 | Orc:1    | XOM: cast spell 'Cause Fear'
 24485 | Orc:2    | XOM: summons 2 hostile demons
 24655 | Orc:2    | Found Juryuv's Assorted Antiques.
 24655 | Orc:2    | Found Comes's Assorted Antiques.
 24657 | Orc:2    | Found Qufrual's Gadget Boutique.
 24659 | Orc:2    | Found Yrikue's Gadget Shoppe.
 24665 | Orc:2    | Bought a clouded iron ring for 140 gold pieces
 24665 | Orc:2    | Identified the ring "Polax" {Ice +Blink MP-9 Dex+3} (You
                  | bought it in a shop on level 2 of the Orcish Mines)
 24679 | Orc:2    | Bought a scroll of summoning for 266 gold pieces
 24679 | Orc:2    | Bought a scroll of immolation for 98 gold pieces
 24679 | Orc:2    | Bought a scroll of identify for 56 gold pieces
 24679 | Orc:2    | Bought a scroll of identify for 56 gold pieces
 24680 | Orc:2    | Bought a scroll of teleportation for 99 gold pieces
 24680 | Orc:2    | Bought a scroll of fog for 66 gold pieces
 24680 | Orc:2    | Bought a scroll of fog for 66 gold pieces
 24682 | Orc:2    | Bought a box of beasts for 520 gold pieces
 24682 | Orc:2    | Bought a wand of acid (11) for 390 gold pieces
 24684 | Orc:2    | Bought a wand of iceblast (5) for 117 gold pieces
 24691 | Orc:2    | Bought a wand of digging (6) for 300 gold pieces
 24729 | Orc:2    | Noticed an orc warlord
 24733 | Orc:2    | XOM: repel stairs
 24740 | Orc:2    | an orc warlord changed into something unseen
 24740 | Orc:2    | XOM: polymorph orc warlord -> something unseen
 24743 | Orc:2    | XOM: polymorph orc warrior -> fire bat
 24749 | Orc:2    | XOM: 1-stop teleportation journey
 24859 | Orc:2    | XOM: summons 6 hostile demons
 24878 | Orc:1    | Killed a ghost moth
 24917 | Orc:1    | XOM: silly message
 24975 | Orc:1    | XOM: summons 4 hostile demons
 25027 | Orc:2    | XOM: summons 2 hostile demons
 25181 | Orc:2    | XOM: stat loss: -1 Str (15/19)
 25373 | D:14     | Noticed Josephine
 25393 | D:14     | Killed Josephine
 25400 | D:14     | Reached skill level 15 in Fighting
 25457 | D:14     | XOM: swap monsters
 25518 | D:14     | XOM: 7-stop teleportation journey
 25532 | D:14     | XOM: stat loss: -1 Str (15/19)
 25575 | D:14     | Found Durere's Antique Armour Boutique.
 25579 | D:14     | Bought a faintly humming chain mail for 332 gold pieces
 25592 | D:14     | Identified the +5 chain mail "Sesseh" {*Corrode rF- Str+7
                  | Slay+5} (You bought it in a shop on level 14 of the
                  | Dungeon)
 25642 | D:14     | Reached skill level 5 in Shields
 25664 | D:14     | XOM: 2-stop teleportation journey
 25790 | D:14     | Identified the +3 buckler of Repulsion {rN+ SInv} (You
                  | found it on level 14 of the Dungeon)
 26128 | D:14     | XOM: noise
 26228 | D:14     | XOM: summons 3 hostile shadow creatures
 26284 | D:14     | XOM: silly message
 26442 | D:14     | Found a gate to the Vaults.
 26452 | D:14     | Reached XP level 15. HP: 129/129 MP: 15/15
 26791 | D:12     | XOM: swap monsters
 26889 | D:12     | XOM is BORED!
 26924 | D:12     | XOM: enchant monster (good)
 26949 | D:12     | XOM: polymorph manticore -> swamp dragon
 26953 | D:12     | XOM: divination: magic mapping
 27053 | D:12     | XOM: potion effect (invisibility)
 27117 | D:12     | XOM: 1-stop teleportation journey
 27240 | D:12     | XOM: enchant monster (bad)
 27510 | D:12     | XOM: summons 3 hostile shadow creatures
 27622 | D:12     | XOM: silly message
 27710 | D:12     | Found Oneuruihecs's Magic Scroll Emporium.
 27713 | D:12     | Bought a scroll of enchant weapon for 112 gold pieces
 27713 | D:12     | Bought a scroll of enchant weapon for 112 gold pieces
 27713 | D:12     | Bought a scroll of fog for 30 gold pieces
 27713 | D:12     | Bought a scroll of teleportation for 45 gold pieces
 27713 | D:12     | Bought a scroll of fear for 52 gold pieces
 27713 | D:12     | Bought a scroll of identify for 30 gold pieces
 27948 | D:13     | XOM: god gift: 40 gold pieces
 28138 | D:15     | Entered Level 15 of the Dungeon
 28203 | D:15     | XOM: noise
 28212 | D:15     | XOM: chaos upgrade
 28339 | D:15     | XOM: noise
 28343 | D:15     | XOM: confusion
 28348 | D:15     | XOM: noise
 28351 | D:15     | XOM: summons 3 hostile demons
 28535 | D:15     | XOM: god gift: 7 gold pieces
 28543 | D:15     | Found a staircase to the Depths.
 28580 | D:15     | XOM: cast spell 'Olgreb's Toxic Radiance'
 28722 | D:15     | XOM: cloud trail
 28732 | D:15     | Found Zatzuv's Magic Scroll Shop.
 28734 | D:15     | XOM: divination: detect creatures
 28770 | D:15     | Bought a scroll of enchant armour for 127 gold pieces
 28770 | D:15     | Bought a scroll of blinking for 127 gold pieces
 28770 | D:15     | Bought a scroll of identify for 34 gold pieces
 28770 | D:15     | Bought a scroll of magic mapping for 59 gold pieces
 28856 | D:15     | XOM: summons friendly quasit
 28868 | D:15     | XOM: god gift: 23 stones
 28896 | D:15     | Found a shimmering blue altar of Sif Muna.
 28932 | D:15     | Identified Roxanne's Catalogue of Transformation
 28932 | D:15     | Noticed Roxanne
 29022 | D:15     | Found an opulent altar of Gozag.
 29064 | D:15     | XOM: cloud trail
 29116 | D:15     | XOM is BORED!
 29116 | D:15     | XOM: noise
 29181 | D:15     | XOM: chaos upgrade
 29457 | D:15     | XOM: summons 4 hostile shadow creatures
 29615 | D:13     | XOM: cloud trail
 29812 | Lair:5   | XOM: cast spell 'Discord'
 29889 | Lair:5   | XOM: swap monsters
 29895 | Lair:5   | XOM: 2-stop teleportation journey
 30153 | Lair:5   | XOM: scenery: summon butterflies
 30233 | Lair:5   | XOM: summons 3 hostile demons
 30313 | Lair:6   | Entered Level 6 of the Lair of Beasts
 30318 | Lair:6   | XOM: cleaving
 30329 | Lair:6   | XOM: blink monster(s)
 30334 | Lair:6   | XOM: stat loss: -1 Int (14/15)
 30351 | Lair:6   | Found a burning altar of Makhleb.
 30377 | Lair:6   | Found a staircase to the Slime Pits.
 30563 | Lair:6   | XOM: 3-stop teleportation journey
 30566 | Lair:6   | XOM: blink monster(s)
 30583 | Lair:6   | XOM: polymorph water moccasin -> sky beast
 30595 | Lair:6   | XOM: enchant monster (bad)
 30716 | Lair:6   | XOM: enchant monster (good)
 30717 | Lair:6   | Reached skill level 10 in Shields
 30723 | Lair:6   | Reached XP level 16. HP: 136/136 MP: 16/16
 30754 | Lair:6   | XOM: silly message
 30802 | Lair:6   | XOM: cast spell 'Summon Dragon'
 30908 | Lair:6   | XOM: summons friendly crimson imp
 31269 | Lair:6   | XOM: fog
 31313 | Lair:6   | XOM: 1-stop teleportation journey
 31571 | Lair:6   | XOM: blink monster(s)
 31650 | Lair:6   | XOM: confusion
 31659 | Lair:6   | XOM: polymorph fire dragon -> shapeshifter
 32001 | Swamp:1  | Entered Level 1 of the Swamp
 32012 | Swamp:1  | XOM: cast spell 'Call Canine Familiar'
 32052 | Swamp:1  | XOM: 2-stop teleportation journey
 32322 | Swamp:1  | You fall into a shaft and drop 1 floor!
 32323 | Swamp:2  | XOM: god gift: fine amber ring {god gift}
 32324 | Swamp:2  | Identified the ring of the Ladybird {+Fly rElec rF+ Str+4
                  | Int+6} (Xom gifted it to you on level 2 of the Swamp)
 32426 | Swamp:2  | XOM: fake destruction
 32709 | Swamp:1  | XOM: god gift: 32 gold pieces
 32710 | Swamp:1  | XOM: summons friendly crimson imp
 32734 | Swamp:1  | XOM: summons 2 friendly demons
 32884 | Swamp:1  | XOM: god gift: 41 gold pieces
 33017 | Swamp:1  | Identified Xom's Witchcraft in Simple Steps (Xom gifted it
                  | to you on level 1 of the Swamp)
 33017 | Swamp:1  | XOM: god gift: Xom's Witchcraft in Simple Steps
 33034 | Swamp:1  | XOM: divination: magic mapping
 33047 | Swamp:1  | XOM: god gift: ring mail {god gift}
 33567 | Swamp:2  | XOM: cleaving
 33568 | Swamp:2  | XOM: fake destruction
 33579 | Swamp:2  | XOM: polymorph bunyip -> cyclops
 33881 | Swamp:3  | XOM: scenery: create altars
 33884 | Swamp:3  | XOM: polymorph spriggan rider -> shining eye
 33928 | Swamp:3  | XOM: silly message
 33971 | Swamp:2  | XOM is BORED!
 33971 | Swamp:2  | XOM: stat loss: -2 Int (13/15)
 33980 | Swamp:2  | XOM: potion effect (brilliance)
 34061 | Swamp:2  | XOM: potion effect (might)
 34291 | Swamp:3  | XOM: potion effect (heal wounds)
 34315 | Swamp:3  | XOM: silly message
 34361 | Swamp:3  | Paralysed by a fenstrider witch for 6 turns
 34374 | Swamp:3  | Reached skill level 10 in Throwing
 34434 | Swamp:2  | XOM: silly message
 34505 | Swamp:3  | XOM: enchant monster (good)
 34614 | Swamp:3  | XOM: polymorph alligator -> spark wasp
 34724 | Swamp:3  | Identified Sif Muna's Guide on Hexes
 34910 | Swamp:4  | Entered Level 4 of the Swamp
 34983 | Swamp:4  | XOM: confusion
 35069 | Swamp:4  | XOM: confuse monster(s)
 35179 | Swamp:4  | Reached XP level 17. HP: 113/143 MP: 17/17
 35181 | Swamp:4  | XOM: 1-stop teleportation journey
 35261 | Swamp:4  | XOM: 1-stop teleportation journey
 35286 | Swamp:4  | XOM: fake destruction
 35331 | Swamp:4  | XOM: repel stairs
 35337 | Swamp:4  | XOM: 1-stop teleportation journey
 35344 | Swamp:4  | XOM: enchant monster (good)
 35375 | Swamp:4  | XOM: noise
 35387 | Swamp:4  | XOM: fog
 35393 | Swamp:4  | XOM: summons 14 friendly demons
 35452 | Swamp:3  | XOM: god gift: morningstar {god gift}
 35532 | Swamp:4  | XOM: fog
 35545 | Swamp:3  | XOM: divination: detect creatures
 35567 | Swamp:4  | XOM: scenery: create altars
 35591 | Swamp:3  | XOM: summons 12 friendly demons
 35597 | Swamp:3  | Reached skill level 16 in Fighting
 35835 | Swamp:4  | Got a decaying rune of Zot
 35980 | Swamp:4  | XOM: polymorph spriggan druid -> spark wasp
 35999 | Swamp:4  | XOM: summons 16 friendly demons
 36086 | Swamp:4  | XOM: cloud trail
 36709 | Vaults:1 | Entered Level 1 of the Vaults
 36726 | Vaults:1 | XOM: summons 9 hostile demons
 36728 | Vaults:1 | XOM: confuse monster(s)
 36763 | Vaults:1 | XOM: enchant monster (good)
 36770 | Vaults:1 | Noticed a Hell Sentinel
 36774 | Vaults:1 | XOM: confuse monster(s)
 37288 | Vaults:1 | XOM: divination: detect items
 37565 | Vaults:1 | XOM: summons friendly crimson imp
 37585 | Vaults:1 | XOM: confuse monster(s)
 37595 | Vaults:1 | XOM: divination: magic mapping
 37782 | Vaults:1 | XOM: summons 2 friendly demons
 37821 | Vaults:1 | XOM: chaos upgrade
 37834 | Vaults:1 | XOM: cast spell 'Discord'
 37861 | Vaults:1 | XOM: 10-stop teleportation journey
 37904 | Vaults:1 | XOM: divine lightning
 37916 | Vaults:1 | XOM: blink monster(s)
 38055 | Vaults:1 | XOM: enchant monster (bad)
 38061 | Vaults:1 | Reached skill level 17 in Fighting
 38259 | Vaults:1 | XOM: enchant monster (good)
 38557 | Vaults:1 | XOM: potion effect (haste)
 38569 | Vaults:1 | XOM: cast spell 'Summon Small Mammal'
 38882 | Vaults:1 | XOM: summons 5 hostile demons
 39120 | Vaults:2 | XOM: cast spell 'Metabolic Englaciation'
 39296 | Vaults:2 | XOM: silly message
 39362 | Vaults:2 | XOM: blink monster(s)
 39364 | Vaults:2 | XOM: enchant monster (good)
 39373 | Vaults:2 | Reached XP level 18. HP: 153/155 MP: 18/18
 39501 | Vaults:2 | XOM: 1-stop teleportation journey
 39544 | Vaults:2 | XOM: polymorph stone giant -> fenstrider witch
 39629 | Vaults:2 | XOM: chaos cloud
 39631 | Vaults:2 | Paralysed by a sphinx for 4 turns
 39634 | Vaults:2 | XOM: 5-stop teleportation journey
 39698 | Vaults:2 | XOM: summons 5 hostile demons
 39769 | Vaults:1 | XOM: noise
 39962 | Vaults:2 | XOM: confusion
 39972 | Vaults:2 | XOM: summons 9 friendly demons
 40210 | Vaults:2 | XOM: 5-stop teleportation journey
 40426 | Vaults:2 | XOM: god gift: wand of paralysis (11)
 40546 | Vaults:2 | XOM: 5-stop teleportation journey
 40548 | Vaults:2 | XOM: god gift: plate armour {god gift}
 40563 | Vaults:2 | XOM: divine lightning
 40775 | Vaults:2 | Found a staircase to the Crypt.
 40885 | Vaults:3 | XOM: 5-stop teleportation journey
 40925 | Vaults:3 | XOM: summons 2 friendly demons
 40943 | Vaults:3 | XOM: scenery: summon butterflies
 40955 | Vaults:3 | XOM: divination: detect creatures
 40963 | Vaults:3 | XOM: cleaving
 41004 | Vaults:3 | XOM: divination: detect items
 41004 | Vaults:3 | Paralysed by an ogre mage for 7 turns
 41009 | Vaults:3 | XOM: summons friendly white imp
 41171 | Vaults:3 | XOM: confuse monster(s)
 41177 | Vaults:3 | XOM: divination: detect items
 41189 | Vaults:3 | XOM: divination: magic mapping
 41377 | Vaults:3 | XOM: confuse monster(s)
 41382 | Vaults:3 | XOM: confusion
 41413 | Vaults:3 | XOM: 3-stop teleportation journey
 41824 | Vaults:3 | XOM: 1-stop teleportation journey
 42019 | Vaults:3 | XOM: confusion
 42028 | Vaults:3 | Reached skill level 18 in Fighting
 42029 | Vaults:3 | XOM: summons 1 hostile demon
 42030 | Vaults:3 | XOM: cast spell 'Cause Fear'
 42183 | Vaults:3 | XOM: summons friendly quasit
 42393 | Vaults:3 | XOM: silly message
 42865 | Vaults:3 | XOM: polymorph sphinx -> quicksilver dragon
 43274 | Vaults:4 | XOM: scenery: 1 doors open
 43332 | Vaults:4 | XOM: confusion
 43346 | Vaults:4 | XOM: polymorph entropy weaver -> torpor snail
 43348 | Vaults:4 | Reached XP level 19. HP: 110/163 MP: 19/19
 43634 | Vaults:4 | XOM: summons 10 hostile demons
 43644 | Vaults:4 | XOM: silly message
 43758 | Vaults:4 | XOM: 2-stop teleportation journey
 44139 | Vaults:4 | XOM: potion effect (curing)
 44141 | Vaults:4 | XOM: silly message
 44144 | Vaults:4 | Reached skill level 15 in Shields
 44191 | Vaults:4 | XOM: scenery: 1 doors close
 44241 | Vaults:4 | XOM: noise
 44265 | Vaults:4 | XOM: enchant monster (bad)
 44343 | Vaults:4 | XOM: summons 10 hostile demons
 44497 | Vaults:4 | XOM: chaos cloud
 44513 | Vaults:4 | Paralysed by you for 3 turns
 44610 | Vaults:3 | XOM: god gift: 18 arrows
 44794 | Vaults:4 | XOM: cast spell 'Dispersal'
 45019 | Vaults:4 | XOM: 8-stop teleportation journey
 45067 | Vaults:4 | XOM: summons 7 hostile demons
 45174 | Vaults:4 | XOM: smoke on damage
 45191 | Vaults:4 | XOM: divine lightning
 45462 | Crypt:1  | Entered Level 1 of the Crypt
 45498 | Crypt:1  | XOM: cloud trail
 45551 | Crypt:1  | Reached skill level 19 in Fighting
 45692 | Crypt:1  | XOM: summons 10 hostile demons
 45747 | Crypt:1  | XOM: swap monsters
 45749 | Crypt:1  | XOM: 5-stop teleportation journey
 45750 | Crypt:1  | XOM: god gift: robe {god gift}
 45922 | Crypt:1  | Found a transporter.
 45941 | Crypt:1  | Noticed Koklixank's ghost (adept GrFi)
 45944 | Crypt:1  | XOM: 6-stop teleportation journey
 46181 | Crypt:1  | XOM: summons 16 friendly demons
 46371 | Depths:1 | Entered Level 1 of the Depths
 46421 | Depths:1 | Acquired the +3 hat "Earthly Heaven" {Rampage rPois}
 46432 | Depths:1 | XOM: divination: magic mapping
 46495 | Depths:1 | XOM: confuse monster(s)
 46510 | Depths:1 | XOM: confusion
 46635 | Depths:1 | XOM: enchant monster (bad)
 46696 | Depths:1 | Found Vecesyg's Gadget Shoppe.
 46699 | Depths:1 | Bought a wand of iceblast (7) for 253 gold pieces
 46993 | Depths:1 | Found a gateway to Hell.
 46999 | Depths:1 | Identified the +2 scimitar of Linan {flame, *Contam +Rage
                  | rN+ Int+3} (You found it on level 1 of the Depths)
 47039 | Depths:1 | XOM: blink monster(s)
 47108 | Depths:1 | XOM: confusion
 47174 | Depths:1 | Noticed a juggernaut
 47182 | Depths:1 | XOM: noise
 47186 | Depths:1 | Killed a juggernaut
 47309 | Depths:1 | Reached XP level 20. HP: 130/175 MP: 20/20
 47407 | Depths:1 | Identified the ring of Contentment {rF++ AC+4 Slay+5
                  | Stlth+} (You found it on level 1 of the Depths)
 47429 | Depths:1 | XOM: stat loss: -1 Dex (12/13)
 47436 | Depths:1 | XOM: summons 11 hostile demons
 47468 | Depths:2 | XOM: noise
 47490 | Depths:2 | Found a magical portal.
 47499 | WizLab   | Entered Wucad Mu's Monastery
 47532 | WizLab   | XOM: confusion (+ monsters)
 47543 | WizLab   | XOM: enchant monster (bad)
 47545 | WizLab   | XOM: stat loss: -1 Dex (11/13)
 47615 | WizLab   | XOM: confusion
 47617 | WizLab   | XOM: 1-stop teleportation journey
 47642 | WizLab   | Found the +9 staff of Wucad Mu {channel}
 47930 | Depths:2 | XOM: noise
 47942 | Depths:2 | XOM: polymorph deep troll earth mage -> ice dragon
 47958 | Depths:2 | XOM: divine lightning
 48092 | Depths:2 | XOM: summons 2 friendly demons
 48096 | Depths:2 | XOM: swap monsters
 48104 | Depths:2 | Reached skill level 20 in Fighting
 48136 | Depths:2 | XOM: summons 3 friendly demons
 48142 | Depths:2 | XOM: enchant monster (good)
 48143 | Depths:2 | XOM: summons friendly shadow imp
 48147 | Depths:2 | XOM: enchant monster (good)
 48238 | Depths:2 | XOM: cloud trail
 48248 | Depths:2 | XOM: chaos upgrade
 48362 | Depths:2 | Found a gateway to a ziggurat.
 48428 | Depths:2 | XOM: noise
 48432 | Depths:2 | XOM: cast spell 'Call Canine Familiar'
 48436 | Depths:2 | XOM: confuse monster(s)
 48452 | Depths:2 | XOM: cleaving
 48455 | Depths:2 | XOM: destruction
 48781 | Depths:2 | Found a one-way gate leading to the halls of Pandemonium.
 49116 | Depths:3 | XOM: fog
 49126 | Depths:2 | Reached skill level 21 in Fighting
 49155 | Depths:2 | XOM: smoke on damage
 49226 | Depths:3 | XOM: confusion
 49388 | Depths:3 | You fall into a shaft and drop 2 floors!
 49388 | Depths:5 | Entered Level 5 of the Depths
 49461 | Depths:5 | XOM: 2-stop teleportation journey
 49520 | Depths:3 | Noticed Aizul
 49530 | Depths:3 | XOM: summons 2 friendly demons
 49537 | Depths:3 | Reached skill level 15 in Armour
 49555 | Depths:3 | Killed Aizul
 49846 | Depths:3 | Noticed Asterion
 49852 | Depths:3 | XOM: scenery: 2 doors open
 49856 | Depths:3 | XOM: smoke on damage
 49859 | Depths:3 | Killed Asterion
 49897 | Depths:3 | XOM: cast spell 'Death Channel'
 50062 | Depths:3 | Noticed Bai Suzhen
 50309 | Depths:3 | XOM: butterfly on damage
 50591 | Depths:3 | XOM: potion effect (might)
 50683 | Depths:3 | XOM: divination: detect items
 50720 | Depths:3 | XOM: cast spell 'Disjunction'
 50759 | Depths:2 | XOM: swap monsters
 50763 | Depths:2 | Killed Bai Suzhen
 50763 | Depths:2 | Reached skill level 22 in Fighting
 50787 | Depths:3 | XOM: summons 5 friendly demons
 50849 | Depths:3 | XOM: potion effect (might)
 51142 | Depths:3 | Found Qadwyo's Antique Weapon Shop.
 51160 | Depths:3 | XOM: divination: magic mapping
 51229 | Depths:4 | XOM: noise
 51238 | Depths:4 | Reached XP level 21. HP: 189/189 MP: 21/21
 51241 | Depths:4 | XOM: confuse monster(s)
 51244 | Depths:4 | XOM: divination: magic mapping
 51245 | Depths:4 | XOM: summons friendly white imp
 51253 | Depths:4 | XOM: polymorph deep troll earth mage -> swamp worm
 51598 | Depths:4 | XOM: polymorph jumping spider -> shapeshifter
 51609 | Depths:4 | Found Gozag's Antique Armour Boutique.
 51626 | Depths:4 | Found an opulent altar of Gozag.
 51626 | Depths:4 | Found Gozag's Assorted Antiques.
 51626 | Depths:4 | Noticed a golden dragon
 51643 | Depths:4 | XOM: divination: magic mapping
 51644 | Depths:4 | Found Gozag's Antique Armour Shop.
 51647 | Depths:4 | XOM: enchant monster (good)
 51654 | Depths:4 | a golden dragon changed into a sphinx
 51654 | Depths:4 | XOM: polymorph golden dragon -> sphinx
 51655 | Depths:4 | XOM: smoke on damage
 51809 | Depths:4 | Bought a pair of embroidered gloves for 750 gold pieces
 51946 | Depths:4 | XOM: divination: detect creatures
 52046 | Depths:4 | XOM: polymorph fire dragon -> shapeshifter
 52063 | Depths:4 | XOM: destruction
 52097 | Depths:4 | XOM: polymorph green very ugly thing -> white very ugly
                  | thing
 52133 | Depths:3 | XOM: confuse monster(s)
 52236 | Depths:4 | XOM: polymorph stone giant -> five-headed hydra
 52256 | Depths:4 | XOM: blink monster(s)
 52342 | Depths:4 | XOM: cloud trail
 52419 | Depths:4 | Found a one-way gate to the infinite horrors of the Abyss.
 52705 | Depths:5 | XOM: cast spell 'Summon Mana Viper'
 52728 | Depths:5 | XOM: scenery: summon butterflies
 52835 | Depths:4 | XOM: summons friendly ufetubus
 52868 | Depths:4 | XOM: polymorph ufetubus -> white imp
 52898 | Depths:4 | XOM: scenery: 1 doors open
 52944 | Depths:4 | XOM: potion effect (curing)
 53082 | Depths:5 | XOM: divination: detect creatures
 53090 | Depths:5 | XOM: summons friendly white imp
 53097 | Depths:5 | XOM: noise
 53162 | Depths:5 | Noticed Frederick
 53165 | Depths:5 | XOM: confuse monster(s)
 53178 | Depths:5 | Killed Frederick
 53258 | Depths:5 | XOM: polymorph deep troll -> two-headed ogre
 53278 | Depths:5 | XOM: fog
 53281 | Depths:5 | Reached skill level 23 in Fighting
 53506 | Depths:5 | XOM: confusion
 53531 | Depths:5 | XOM: potion effect (heal wounds)
 53621 | Depths:5 | XOM: confuse monster(s)
 53630 | Depths:5 | XOM: summons friendly ufetubus
 53632 | Depths:5 | Noticed a golden dragon
 53644 | Depths:5 | XOM: divination: detect items
 53649 | Depths:5 | XOM: potion effect (curing)
 53655 | Depths:5 | Killed a golden dragon
 53658 | Depths:5 | XOM: destruction
 53674 | Depths:5 | Found a gate to the Realm of Zot.
 54232 | Depths:4 | Voluntarily entered the Abyss.
 54334 | Abyss:3  | Found a corrupted altar of Lugonu.
 54368 | Abyss:3  | Reached XP level 22. HP: 200/200 MP: 22/22
 54414 | Abyss:3  | XOM: summons 1 hostile shadow creature
 54432 | Abyss:3  | Got an abyssal rune of Zot
 54475 | Abyss:3  | XOM: summons 2 hostile demons
 54477 | Abyss:3  | Found a corrupted altar of Lugonu.
 54494 | Abyss:3  | XOM: confusion
 54537 | Abyss:3  | XOM: silly message
 54540 | Abyss:3  | XOM: chaos cloud
 54608 | Abyss:3  | Found a corrupted altar of Lugonu.
 54612 | Abyss:3  | Found a sacrificial altar of Ru.
 54654 | Abyss:3  | XOM: blink monster(s)
 54724 | Abyss:3  | XOM: confusion
 54725 | Abyss:3  | XOM: stat loss: -1 Str (25/26)
 54743 | Depths:4 | Escaped the Abyss
 55086 | Vaults:5 | Entered Level 5 of the Vaults
 55095 | Vaults:4 | XOM: swap monsters
 55096 | Vaults:4 | XOM: blink monster(s)
 55102 | Vaults:4 | XOM: chaos upgrade
 55104 | Vaults:4 | XOM: chaos upgrade
 55133 | Vaults:5 | Noticed a golden dragon
 55167 | Vaults:4 | XOM: silly message
 55238 | Vaults:4 | XOM: silly message
 55245 | Vaults:4 | XOM: divination: detect creatures
 55264 | Vaults:5 | XOM: blink monster(s)
 55275 | Vaults:4 | Killed a golden dragon
 55292 | Vaults:5 | XOM: noise
 55299 | Vaults:5 | XOM: silly message
 55354 | Vaults:5 | Noticed a golden dragon
 55359 | Vaults:4 | XOM: potion effect (invisibility)
 55416 | Vaults:4 | Killed a golden dragon
 55628 | Vaults:4 | XOM: enchant monster (good)
 55784 | Vaults:5 | XOM: divination: detect creatures
 55788 | Vaults:5 | XOM: enchant monster (good)
 55901 | Vaults:5 | Noticed a golden dragon
 55914 | Vaults:5 | a golden dragon changed into a sphinx
 55932 | Vaults:5 | XOM: noise
 55961 | Vaults:5 | XOM: noise
 55970 | Vaults:5 | XOM: cast spell 'Death Channel'
 56002 | Vaults:5 | Got a silver rune of Zot
 56021 | Vaults:5 | Reached skill level 24 in Fighting
 56153 | Vaults:5 | Identified the +2 dagger of the Vaults {vorpal, rC+++ Dex-4
                  | SInv} (You found it on level 5 of the Vaults)
 56181 | Vaults:5 | XOM: god gift: lightning rod (4/4)
 56422 | Vaults:5 | XOM: scenery: create altars
 56442 | Vaults:5 | XOM: confuse monster(s)
 56464 | Vaults:5 | XOM: destruction
 56534 | Vaults:5 | XOM: polymorph stone giant -> tyrant leech
 56572 | Vaults:5 | XOM: cleaving
 56577 | Vaults:5 | XOM: 7-stop teleportation journey
 56580 | Vaults:5 | XOM: god gift: staff of conjuration {god gift}
 56585 | Vaults:5 | XOM: polymorph tengu reaver -> quicksilver dragon
 56636 | Vaults:5 | XOM: scenery: summon butterflies
 57028 | Vaults:5 | Noticed an ancient lich
 57045 | Vaults:5 | XOM: scenery: create altars
 57052 | Vaults:5 | Killed an ancient lich
 57054 | Vaults:5 | Noticed a golden dragon
 57066 | Vaults:5 | a golden dragon changed into a shapeshifter
 57066 | Vaults:5 | XOM: polymorph golden dragon -> shapeshifter
 57175 | Vaults:5 | Reached XP level 23. HP: 158/211 MP: 23/23
 57471 | Vaults:5 | XOM: scenery: create altars
 57475 | Vaults:5 | XOM: cleaving
 57479 | Vaults:5 | XOM: destruction
 57482 | Vaults:5 | XOM: cleaving
 57488 | Vaults:5 | XOM: polymorph something unseen -> great orb of eyes
 57490 | Vaults:5 | Paralysed by a great orb of eyes for 2 turns
 57494 | Vaults:5 | XOM: confuse monster(s)
 57505 | Vaults:5 | Reached skill level 25 in Fighting
 57521 | Vaults:5 | XOM: fog
 57649 | Vaults:5 | XOM: confuse monster(s)
 57774 | Vaults:5 | XOM: scenery: summon butterflies
 57845 | Vaults:5 | XOM: confuse monster(s)
 57883 | Vaults:5 | XOM: god gift: lightning rod (4/4)
 57926 | Vaults:5 | XOM: summons friendly ufetubus
 58029 | Vaults:5 | XOM: scenery: create altars
 58390 | D:15     | XOM: scenery: summon butterflies
 58512 | Zot:1    | Entered Level 1 of the Realm of Zot
 58598 | Zot:2    | Noticed a curse toe
 58599 | Zot:2    | XOM: fake destruction
 58706 | Zot:2    | XOM: cleaving
 58709 | Zot:2    | XOM: silly message
 58762 | Zot:2    | XOM: silly message
 58786 | Zot:2    | Killed a curse toe
 58791 | Zot:2    | XOM: potion effect (might)
 58962 | Zot:2    | XOM: silly message
 59169 | Zot:3    | XOM: divination: detect items
 59227 | Zot:3    | XOM: enchant monster (good)
 59237 | Zot:3    | XOM: blink monster(s)
 59247 | Zot:3    | XOM: smoke on damage
 59250 | Zot:3    | XOM: noise
 59258 | Zot:3    | Reached skill level 26 in Fighting
 59260 | Zot:3    | XOM: divination: detect items
 59485 | Zot:3    | XOM: silly message
 59488 | Zot:3    | XOM: noise
 59684 | Zot:3    | Found a white marble altar of Elyvilon.
 59726 | Zot:5    | Entered Level 5 of the Realm of Zot
 59727 | Zot:5    | XOM: silly message
 59875 | Zot:5    | XOM: potion effect (heal wounds)
 59996 | Zot:5    | Noticed a curse toe
 59996 | Zot:5    | XOM: potion effect (invisibility)
 59999 | Zot:5    | XOM: confuse monster(s)
 60003 | Zot:5    | Killed a curse toe
 60017 | Zot:5    | XOM: 1-stop teleportation journey
 60018 | Zot:5    | XOM: confusion
 60025 | Zot:5    | XOM: enchant monster (bad)
 60039 | Zot:5    | Noticed an orb of fire
 60042 | Zot:5    | Noticed an ancient lich
 60043 | Zot:5    | Noticed an orb of fire
 60044 | Zot:5    | XOM: blink monster(s)
 60044 | Zot:5    | Reached XP level 24. HP: 155/225 MP: 1/23
 60045 | Zot:5    | Noticed an orb of fire
 60056 | Zot:5    | XOM: confuse monster(s)
 60065 | Zot:5    | Mangled by an Orb Guardian

Illustrated notes

Levels and vault maps discovered:
D:1:      saegor_arrival_simple_b, layout_loops_cross,
          hangedman_decor_diamond_cutter
D:2:      minmay_diamond_boxcup, layout_basic, kennysheep_cross_room,
          minmay_hexomino_p4, uniq_crazy_yiuf_cottage
D:3:      layout_basic, lemuel_round_altar, minmay_pentomino_pile
D:4:      corexii_shantytown, layout_basic, grunt_temple_overflow_magic_moments,
          nicolae_ru_path_of_blood, lemuel_doored_altar, elyvilon_altar_5,
          minmay_temple_entry_poolview, uniq_duvessa
D:5:      layout_basic, nemelex_altar_shiori, uniq_blork_the_orc
D:6:      layout_loops_ring, lemuel_coloured_pillars_altar, minivault_5,
          minivault_26, kennysheep_potato, uniq_menkaure
D:7:      layout_loops_ring, gammafunk_ghost_gnarly_gnolls, minmay_microvault,
          uniq_harold, uniq_maggie
D:8:      layout_rooms, eat_drink_and_be_merry_uskayaw, lemuel_crystal_altar,
          nicolae_overflow_hidden_temple
D:9:      minmay_spotlight, layout_basic
D:10:     layout_basic, david_lair_generic, basic_altar, serial_undead,
          serial_undead_f, serial_undead_a, serial_undead_a, serial_undead_a,
          minmay_increasing_density
D:11:     layout_loops_corners, david_orc_1_choice, basic_altar
D:12:     layout_basic, serial_shops, nicolae_shop_behind_doors, minmay_bent
D:13:     layout_long_grid, gauntlet_entry_generic
D:14:     layout_loops_ring, david_vaults_5, hangedman_decor_riveting,
          serial_shops, nicolae_shop_crystal, kennysheep_just_a_vault,
          uniq_josephine
D:15:     hangedman_depths_entry_try_elsewhere_first, layout_loops_cross,
          basic_altar, serial_shops, nicolae_shop_window_shopping,
          chequers_serial_rivers_room_b, small_statue_alley_a,
          minmay_misc_feat_ornament, nicolae_gozag_seed_capital, uniq_roxanne
Lair:1:   layout_loops_ring, nicolae_volcano_entry_lava_flow,
          grunt_forest_large_clearings
Lair:2:   layout_roguey, dummy_spider_entry
Lair:3:   gammafunk_mikee_crab_dinner, layout_loops_ring,
          portal_ice_cave_demonic_guard, grunt_megastairs_1, uniq_urug
Lair:4:   layout_roguey, palyth_hydra_swamp_entry, minivault_11,
          minmay_lair_oklob_bushes, beast_lair_carwin_9
Lair:5:   layout_hall_layers
Lair:6:   hangedman_lair_tendril_chambers, layout_misc_corridors,
          guppyfry_lair_end_dragon, minmay_slime_entry_eyes, basic_altar,
          serial_bayou_pond_e
Swamp:1:  layout_basic_swamp, hangedman_swamp_ruin_wall, swamp_pool2
Swamp:2:  layout_falls_marsh, evilmike_swamp_ruin_rubble_1, swamp_pool1,
          infiniplex_staircase_pool_2
Swamp:3:  layout_basic_swamp, evilmike_swamp_ruin_house_6, swamp_pool4,
          worms_lemuel
Swamp:4:  swamp_fiery, layout_basic_swamp, infiniplex_staircase_pool
Orc:1:    nicolae_orc_accident_2, layout_caves, serial_shops, shop,
          nicolae_orc_lava_room, uniq_erolcha
Orc:2:    st_orc_rangers, layout_caves, chequers_guarded_unrand_ignorance,
          uniq_sonja
Vaults:1: v_rooms_5, hangedman_vaults_restitches, nicolae_vaults_hallways_thing,
          nicolae_vaults_twisting_passages, nicolae_vaults_fighting_squares,
          hangedman_vaults_pinch, hangedman_vaults_unwind, vaults_room_pools,
          vaults_standard_mumra_x, nicolae_vaults_little_squares_1,
          vaults_dpeg_encased_lava, nicolae_vaults_diagonal_hallway_7,
          layout_vaults_omnicross
Vaults:2: vaults_room_grid, v_misc_30, ontoclasm_vaults_eye, v_misc_26,
          layout_vaults_omnigrid, dummy_crypt_entry
Vaults:3: nicolae_vaults_good_morning_starshine,
          nicolae_vaults_little_squares_2, ontoclasm_vaults_spin,
          hangedman_vaults_impose, vaults_mumra_minichess_inversion,
          v_alt_pattern_6, nicolae_vaults_little_squares_6,
          layout_vaults_chaotic_city
Vaults:4: hangedman_vaults_stretched_pinwheel, v_alt_pattern_6,
          ontoclasm_vaults_ligature, dpeg_vaults_monster_box,
          hangedman_vaults_nodes, vaults_room_fancy_cross,
          nicolae_vaults_little_squares_4, hangedman_vaults_stagger,
          v_pattern_2, v_misc_15, v_misc_2, nicolae_vaults_display_case,
          grunt_vaults_focal, nicolae_vaults_theta, layout_vaults_ring
Vaults:5
Crypt:1:  layout_catacombs, gammafunk_ghost_mausoleum, minivault_5
Depths:1: layout_basic, chequers_serial_rivers_small_a, lightli_too_deep,
          serial_shops, kennysheep_mini_moat, grunt_decor_one_mirror,
          minmay_misc_feat_four_crosses, corexii_corridor_pit, minmay_evil_grid
Depths:2: kennysheep_scales, layout_long_grid, enter_ziggurat_f,
          kennysheep_crisscross, mu_enter_wizlab_6, hangedman_coc_ice_floe,
          rand_demon_pan_entry_1
Depths:3: kennysheep_ogre_elephant_herders, layout_gridlike,
          grunt_pan_entry_spiral, serial_shops, nicolae_shop_behind_doors,
          hellmouth_3, minmay_misc_feat_x, grunt_tough_drop, uniq_bai_suzhen,
          uniq_asterion, uniq_aizul
Depths:4: kennysheep_gozag_temple, layout_gridlike, serial_bayou_pond_b,
          pan_entry, grunt_hell_entry_dis_mu, marbit_kobold_abyss_entry,
          minmay_staircase_bubble
Depths:5: grunt_zot_entry_alcove, layout_cave_shapes, hangedman_geh_valley,
          chequers_serial_rivers_micro_a, pan_entry, uniq_frederick
Zot:1:    layout_gridlike
Zot:2:    layout_misc_corridors
Zot:3:    layout_basic, basic_altar
Zot:4:    layout_gridlike, st_stairs_4
Zot:5:    layout_basic, grunt_ministairs_2, st_stairs_10, lemuel_golem_globe

Skill      XL: |  1  2  3  4  5  6  7  8  9 10 11 12 13 14 15 16 17 18 19 20 21 22 23 |
---------------+----------------------------------------------------------------------+-----
Armour         | 2 3 4 5 6 8 9 10 12 13 15 16 18 | 18.0
Long Blades    | 3 4 5 6 7 8 9 10 11 13 14 | 14.0
Fighting       | 4 5 6 7 8 9 11 12 13 15 17 18 19 22 23 24 26 | 26.8
Evocations     | 2 3 4 5 |  5.0
Shields        | 2 4 5 10 12 13 14 15 | 15.0
Throwing       | 5 7 10 | 10.0
Dodging        | |  0.7

Action                   |  1- 3 |  4- 6 |  7- 9 | 10-12 | 13-15 | 16-18 | 19-21 | 22-24 || total
-------------------------+-------+-------+-------+-------+-------+-------+-------+-------++-------
Melee: Falchion          |   112 |   126 |       |       |       |       |       |       ||   238
       Dagger            |       |   214 |   232 |   489 |     3 |       |     5 |       ||   943
       Halberd           |       |    10 |       |       |       |       |       |       ||    10
       Glaive            |       |       |   179 |       |       |       |       |       ||   179
       Scimitar          |       |       |    10 |   429 |  1819 |   997 |       |       ||  3255
       Demon blade       |       |       |       |       |       |  1001 |  2076 |   992 ||  4069
Throw: Stone             |     1 |       |       |     2 |       |       |       |       ||     3
       Dart              |       |    33 |    50 |    71 |    22 |       |    12 |    10 ||   198
       Throwing net      |       |       |     1 |     2 |       |       |       |       ||     3
       Javelin           |       |       |       |     9 |     6 |       |       |     5 ||    20
 Abil: Evoke Flight      |       |       |       |       |     1 |       |     2 |       ||     3
Evoke: Wand              |       |       |     8 |    49 |    29 |    22 |     8 |     7 ||   123
       Condenser vane    |       |       |       |     1 |     3 |     6 |     5 |     7 ||    22
       Phantom mirror    |       |       |       |       |     1 |       |       |     2 ||     3
       Box of beasts     |       |       |       |       |     1 |       |       |       ||     1
       Tin of tremorston |       |       |       |       |       |     4 |     4 |     2 ||    10
       Lightning rod     |       |       |       |       |       |       |     1 |       ||     1
  Use: Scroll            |     2 |     4 |     1 |    20 |    15 |    33 |    15 |    13 ||   103
 Stab: Paralysed         |       |       |     4 |    11 |    16 |    18 |    38 |     8 ||    95
       Held in net/web   |       |       |     1 |       |       |       |       |       ||     1
       Distracted        |       |       |       |     1 |     2 |     4 |     2 |     3 ||    12
       Petrified         |       |       |       |     2 |       |     3 |    10 |     9 ||    24
       Confused          |       |       |       |     4 |     1 |     8 |    16 |    11 ||    40
       Invisible         |       |       |       |       |     1 |       |       |     4 ||     5
       Petrifying        |       |       |       |       |       |     5 |    14 |     3 ||    22
Armor: Leather armour    |    31 |       |       |       |       |       |       |       ||    31
       Plate armour      |    39 |   254 |   308 |   585 |   935 |   732 |   776 |   439 ||  4068
Dodge: Dodged            |    44 |   100 |   221 |   376 |   284 |   182 |   192 |   100 ||  1499
Block: Buckler           |       |       |       |    21 |   168 |       |       |       ||   189
       Tower shield      |       |       |       |       |  1178 |  2162 |  1964 |   967 ||  6271
       Rpst.: Falchion   |    14 |     9 |       |       |       |       |       |       ||    23
       Scimitar          |       |       |     1 |    53 |    81 |    11 |       |       ||   146
       Demon blade       |       |       |       |       |       |    11 |    23 |     9 ||    43

Table legend: (Time is in decaauts)
 A = Elapsed time spent in this place.
 B = Non-inter-level travel time spent in this place.
 C = Inter-level travel time spent in this place.
 D = Time resting spent in this place.
 E = Time spent auto-exploring this place.
 F = Levels seen in this place.
 G = Mean time per level.
                   A        B        C        D        E       F      G
               +--------+--------+--------+--------+--------+-----+--------+
         Total |  58612 |  54477 |   4135 |  13562 |  23375 |  50 | 1172.2 |
       Dungeon |  21099 |  18892 |   2207 |   3350 |   9753 |  15 | 1406.6 |
          Lair |   6681 |   6153 |    528 |   1052 |   3362 |   6 | 1113.5 |
         Swamp |   4509 |   4306 |    203 |   1387 |   1610 |   4 | 1127.2 |
  Orcish Mines |   2584 |   2517 |     67 |    664 |    944 |   2 | 1292.0 |
        Vaults |  11471 |  10853 |    618 |   3336 |   4344 |   5 | 2294.2 |
         Crypt |    655 |    655 |      0 |    129 |    300 |   1 |  655.0 |
        Depths |   7097 |   6587 |    510 |   1564 |   2817 |   5 | 1419.4 |
           Zot |   1509 |   1509 |      0 |    844 |      0 |   5 |  301.8 |
         Abyss |    457 |    457 |      0 |      0 |     58 |   3 |  152.3 |
      Ice Cave |    319 |    319 |      0 |     35 |     12 |   1 |  319.0 |
       Volcano |    449 |    449 |      0 |    167 |     51 |   1 |  449.0 |
        Wizlab |    421 |    421 |      0 |     94 |    122 |   1 |  421.0 |
      Gauntlet |   1357 |   1357 |      0 |    940 |      0 |   1 | 1357.0 |
               +--------+--------+--------+--------+--------+-----+--------+

Top non-repeatable levels by time:
Vaults:4: 2825 daAuts
Vaults:1: 2478 daAuts
Vaults:5: 2242 daAuts
Vaults:3: 2201 daAuts
     D:7: 2123 daAuts
     D:4: 2036 daAuts
Depths:3: 1819 daAuts
Vaults:2: 1723 daAuts
    D:15: 1722 daAuts
Depths:4: 1646 daAuts
  Lair:6: 1608 daAuts
    D:10: 1515 daAuts
     D:8: 1502 daAuts
Depths:2: 1496 daAuts
  Lair:4: 1478 daAuts
